 Dungeon Crawl Stone Soup version 0.27.0-1-g7a089689b8 (webtiles) character file.

Game seed: 17987299301065206724

835 Malachi the Covert (level 7, -1/46 HPs)
             Began as a Vampire Enchanter on Aug 17, 2021.
             Was an Initiate of Ru.
             Succumbed to a water moccasin's poison
             ... on level 6 of the Dungeon.
             The game lasted 00:09:36 (3916 turns).

Malachi the Covert (Vampire Enchanter)              Turns: 3916, Time: 00:09:36

Health: -1/46      AC:  4    Str:  7    XL:     7   Next: 66%
Magic:  8/10       EV: 12    Int: 20    God:    Ru [......]
Gold:   186        SH:  0    Dex: 14    Spells: 1/10 levels left

rFire    . . .     SeeInvis +   a - +1 dagger (venom)
rCold    . . .     Faith    .   (no shield)
rNeg     . . .     Spirit   .   b - +0 robe
rPois    .         Reflect  .   (no helmet)
rElec    .         Harm     .   (no cloak)
rCorr    .         Rampage  .   k - +1 pair of gloves
Will     .....                  (no boots)
Stlth    ++++......             (no amulet)
HPRegen  0.35/turn              (no ring)
MPRegen  0.12/turn              (no ring)

@: lethally poisoned (-1 -> -14), attractive, healing quickly
A: alive, fangs 3, see invisible, vampiric 2
a: Exsanguinate, Renounce Religion


You were on level 6 of the Dungeon.
You worshipped Ru.
Ru was noncommittal.
You visited 2 branches of the dungeon, and saw 7 of its levels.

You collected 186 gold pieces.

Inventory:

Hand Weapons
 a - a +1 dagger of venom (weapon)
 f - a +1 vampiric dagger
 n - a +0 dagger of chaos
 p - a +2 dagger of draining
Missiles
 c - 42 poisoned darts
Armour
 b - a +0 robe (worn)
 k - a +1 pair of gloves (worn)
Jewellery
 d - an amulet of faith
 m - a ring of flight
Wands
 s - a wand of iceblast (12)
Scrolls
 i - a scroll of teleportation
 l - a scroll of magic mapping
Potions
 g - a potion of berserk rage {unknown}
 h - 2 potions of curing {unknown}
 o - 2 potions of might {unknown}
 q - a potion of haste {unknown}


   Skills:
 - Level 5.0 Short Blades
 - Level 2.1 Dodging
 + Level 8.1 Stealth
 - Level 2.0 Spellcasting
 + Level 7.4 Hexes
 - Level 4.0 Ice Magic


You had one spell level left.
You knew the following spells:

 Your Spells              Type           Power      Damage    Failure   Level
a - Corona                Hex            34%        N/A       1%          1
b - Ensorcelled Hibernat  Hex/Ice        48%        N/A       2%          2
c - Confusing Touch       Hex            31%        N/A       2%          3
d - Tukima's Dance        Hex            31%        N/A       2%          3

Your spell library contained the following spells:

 Spells                   Type           Power      Damage    Failure   Level
 Dazzling Flash           Conj/Hex       32%        N/A       11%         3


Dungeon Overview and Level Annotations

Branches:
Dungeon (6/15)             Temple (1/1) D:4

Altars:
Ashenzari
Dithmenos
Elyvilon
Fedhas
Gozag
Hepliaklqana
Kikubaaqudgha
Makhleb
Nemelex Xobeh
Qazlal
Ru
Sif Muna
Trog
Uskayaw
Wu Jian
Xom
Zin
The Shining One

Annotations:
D:5 Eustachio


Innate Abilities, Weirdness & Mutations

Your natural rate of healing is accelerated.
You have razor-sharp teeth.
You have supernaturally acute eyesight. (SInv)
You are afflicted with vampirism and can become a bat while bloodless.


Message History

You are more poisoned.
The water moccasin poisons you!
You hit the water moccasin but do no damage.
The water moccasin appears confused.
You bite the water moccasin.
The water moccasin is lightly wounded.
You feel very sick.
You feel very sick.
You feel very sick. The water moccasin misses you.
You barely miss the water moccasin.
The water moccasin is lightly wounded.
* * * LOW HITPOINT WARNING * * *
You feel sick.
Unknown command.
You barely miss the water moccasin.
You bite the water moccasin, but do no damage.
The water moccasin is lightly wounded.
* * * LOW HITPOINT WARNING * * *
You feel sick.
The water moccasin completely misses you.
You catch the helpless water moccasin completely off-guard!
You impale the water moccasin!!
The water moccasin is severely wounded.
* * * LOW HITPOINT WARNING * * *
You feel sick.
You hit the water moccasin but do no damage.
The water moccasin is severely wounded.
You feel sick.
You hit the water moccasin.
The water moccasin is severely wounded.
* * * LOW HITPOINT WARNING * * *
You feel sick. The water moccasin bites you.
* * * LOW HITPOINT WARNING * * *
The water moccasin bites you.
* * * LOW HITPOINT WARNING * * *
You are more poisoned.
The water moccasin poisons you!
It was a potion of attraction.
You feel attractive to monsters.
You die...

#..........#
#......
#..........#
#[.....
#..........#
#......
#.....######
#...).. #.....#
####### ###'###
#.# #.#
#@##############
#S.............#
################
* * * * *


You could see a water moccasin (confused).

Vanquished Creatures
  An ice beast (D:6)
  An ogre (D:4)
  A kobold brigand (D:6)
  3 scorpions
  A water moccasin zombie (D:6)
  3 wights (D:6)
  A crimson imp (D:3)
  A hound (D:4)
  An orc priest (D:3)
  2 orc wizards
  An adder (D:6)
  3 dart slugs
  9 orcs
  4 bats
  9 endoplasms
  4 giant cockroaches
  6 goblins
  4 hobgoblins
  4 jackals (D:1)
  3 quokkas
  6 ball pythons
  5 frilled lizards
  5 kobolds
  3 rats
81 creatures vanquished.

Notes
Turn   | Place    | Note
-------+----------+-------------------------------------------
     0 | D:1      | Malachi the Vampire Enchanter began the quest for the Orb.
     0 | D:1      | Reached XP level 1. HP: 13/13 MP: 3/3
   178 | D:1      | Reached XP level 2. HP: 19/19 MP: 5/5
   181 | D:1      | Learned a level 2 spell: Ensorcelled Hibernation
   596 | D:1      | Gained mutation: You are afflicted with vampirism and can
                  | become a bat while bloodless. [Vampire growth]
   596 | D:1      | Reached XP level 3. HP: 24/24 MP: 6/6
   600 | D:1      | Learned a level 3 spell: Confusing Touch
   646 | D:1      | Found a faded altar of an unknown god.
  1871 | D:3      | Reached XP level 4. HP: 30/30 MP: 4/7
  2202 | D:3      | Found a burning altar of Makhleb.
  2202 | D:3      | Found a shimmering altar of Xom.
  2206 | D:3      | Reached skill level 1 in Ice Magic
  2206 | D:3      | Reached XP level 5. HP: 35/35 MP: 8/8
  2344 | D:4      | Found a staircase to the Ecumenical Temple.
  2347 | D:4      | Reached skill level 5 in Short Blades
  2347 | D:4      | Reached skill level 5 in Stealth
  2347 | D:4      | Reached skill level 5 in Hexes
  2369 | Temple   | Entered the Ecumenical Temple
  2398 | Temple   | Became a worshipper of Ru the Awakened
  2612 | D:4      | Noticed an ogre
  2617 | D:4      | Killed an ogre
  2618 | D:4      | Reached XP level 6. HP: 40/41 MP: 3/9
  2764 | D:4      | Learned a level 3 spell: Tukima's Dance
  2783 | D:4      | You fall into a shaft and drop 1 floor!
  2783 | D:5      | Entered Level 5 of the Dungeon
  2789 | D:5      | Reached skill level 6 in Stealth
  2808 | D:5      | Noticed Eustachio
  2930 | D:6      | Found a bloodstained altar of Trog.
  2930 | D:6      | Found an ornate altar of the Wu Jian Council.
  2937 | D:6      | Found a faded altar of an unknown god.
  2939 | D:6      | Found a hazy altar of Hepliaklqana.
  2940 | D:6      | Found a blossoming altar of Fedhas.
  3005 | D:6      | Noticed an ice beast
  3603 | D:6      | Reached skill level 7 in Stealth
  3603 | D:6      | Reached XP level 7. HP: 46/46 MP: 7/10
  3808 | D:6      | Reached skill level 8 in Stealth
  3915 | D:6      | HP: 1/46 [water moccasin (4)]
  3916 | D:6      | Succumbed to a water moccasin's poison

Illustrated notes

Levels and vault maps discovered:
D:1:      saegor_arrival_under_anarchy, layout_basic,
          hellmonk_ecumenical_altar_inner_sanctum
D:2:      layout_rooms
D:3:      layout_basic, grunt_temple_overflow_champion_of_chaos, serial_rivers,
          chequers_serial_rivers_small_3, chequers_serial_rivers_small_b,
          chequers_serial_rivers_marsh, chequers_serial_rivers_micro_b,
          chequers_serial_rivers_room_b, chequers_serial_rivers_micro_d
D:4:      layout_cave_pools, minmay_temple_entry_gardened_gates
D:5:      minmay_angry_zag, layout_rooms, chequers_serial_rivers_micro_b,
          uniq_sigmund, uniq_eustachio, uniq_prince_ribbit1
D:6:      layout_basic, chequers_temple_overflow_minitemple,
          uniq_crazy_yiuf_cottage, uniq_pikel
Temple:   minmay_temple_bridge_abc

Skill      XL: |  1  2  3  4  5  6  7 |
---------------+----------------------+-----
Short Blades   | 2 3 4 5 |  5.0
Ice Magic      | 1 2 3 4 |  4.0
Stealth        | 5 7 8 |  8.1
Hexes          | 5 6 7 |  7.4
Dodging        | |  2.1
Spellcasting   | |  2.0

Action                   |  1- 3 |  4- 6 |  7- 9 || total
-------------------------+-------+-------+-------++-------
Melee: Dagger            |   157 |    89 |    22 ||   268
       Bite              |     8 |    10 |     3 ||    21
 Cast: Ensorcelled Hiber |     9 |     9 |     2 ||    20
       Corona            |     4 |       |       ||     4
       Confusing Touch   |       |     3 |     2 ||     5
  Use: Scroll            |     6 |       |     5 ||    11
       Potion            |       |       |     1 ||     1
 Stab: Sleeping          |    21 |     7 |     4 ||    32
       Confused          |       |     4 |     3 ||     7
Armor: Robe              |    33 |     6 |     2 ||    41
Dodge: Dodged            |   108 |    49 |     7 ||   164
